 Dungeon Crawl Stone Soup version 0.31-a0-559-g03b8d61ab2 (webtiles) character file.

Game seed: 6766050881407435290

4 Ethylacetat the Ducker (level 1, -1/14 HPs)
             Began as an Octopode Gladiator on Aug 17, 2023.
             Slain by a frilled lizard (3 damage)
             ... on level 1 of the Dungeon.
             The game lasted 00:00:12 (540 turns).

Ethylacetat the Ducker (Octopode Gladiator)          Turns: 540, Time: 00:00:13

Health: -1/14      AC:  1    Str: 13    XL:     1   Next: 60%
Magic:  1/1        EV: 11    Int: 10    God:
Gold:   73         SH:  0    Dex: 13    Spells: 0/0 levels left

rFire   . .          .
                       - Unarmed
rCold   . . .        (no shield)
rNeg    . . .        a - +0 hat
rPois   .            (no amulet)
rElec   .            (no ring)
rCorr   .            (no ring)
SInv    .            (no ring)
Will    .....        (no ring)
Stlth   ++           (no ring)
HPRegen 0.22/turn    (no ring)
MPRegen 0.07/turn    (no ring)
                     (no ring)

%: no passive effects
@: constricted
A: almost no armour, amphibious, 8 rings, camouflage 1, gelatinous body 1,
(nimble swimmer 1), tentacles
a: no special abilities


You were on level 1 of the Dungeon.
You visited 1 branch of the dungeon, and saw 1 of its levels.

You collected 73 gold pieces.

Inventory:

Missiles
 b - 3 throwing nets (quivered)
 c - a javelin
Armour
 a - a +0 hat (worn)
Jewellery
 e - a ring of willpower
 g - an amulet of regeneration
Scrolls
 d - a scroll of torment {unknown}
 i - a scroll of enchant weapon {unknown}
 j - a scroll of vulnerability {unknown}
Potions
 f - a potion of might {unknown}
 h - a potion of mutation {unknown}


   Skills:
 + Level 2.1 Fighting
 - Level 2.0 Throwing
 + Level 3.1 Dodging
 + Level 3.1 Unarmed Combat


You couldn't memorise any spells.
You didn't know any spells.
Your spell library was empty.

Dungeon Overview and Level Annotations

Branches:
Dungeon (1/15)

Altars:


Innate Abilities, Weirdness & Mutations

You cannot wear most types of armour.
You are amphibious.
You can wear up to eight rings at the same time.
Your skin changes colour to match your surroundings (Stealth+).
Your rubbery body absorbs attacks. (AC +1, EV +1)
((You are camouflaged when in or above water. (Stealth+)))
You have tentacles for arms and can constrict up to eight enemies at once.


Message History

Found a scroll labelled PUJOXYCOSK.
Found a stone staircase leading down.
A giant cockroach, a dart slug and a ball python come into view.
There is an open door here.
There are monsters nearby!
There are monsters nearby!
You completely miss the frilled lizard.
The ball python hisses angrily.
Your grab misses the frilled lizard. Your squeeze misses the frilled lizard.
The frilled lizard closely misses you.
There are monsters nearby!
You completely miss the giant cockroach.
Your grab misses the giant cockroach. The giant cockroach bites you.
The frilled lizard closely misses you.
You barely miss the giant cockroach. Your grab misses the giant cockroach.
The giant cockroach bites you. The frilled lizard closely misses you.
The giant cockroach bites you.
There are monsters nearby!
You tentacle-slap the giant cockroach. You grab the giant cockroach.
The giant cockroach is moderately wounded.
You constrict the giant cockroach, but do no damage.
The frilled lizard barely misses you.
The ball python bites you but does no damage.
The ball python barely misses you. The giant cockroach bites you.
There are monsters nearby!
You tentacle-slap the giant cockroach but do no damage.
The giant cockroach is moderately wounded.
You constrict the giant cockroach. The ball python misses you.
The ball python grabs you. The ball python constricts you.
The frilled lizard bites you. The giant cockroach closely misses you.
There are monsters nearby!
You are too injured to fight recklessly!
There are monsters nearby!
You are too injured to fight recklessly!
The ball python's grasp on you weakens, but your attempt to escape fails.
You constrict the giant cockroach.
You kill the giant cockroach!
The ball python bites you.
* * * LOW HITPOINT WARNING * * *
The ball python constricts you. The frilled lizard bites you.
You die...

##.## #.....#.# #.#
#####...# #.# ##.##
##+# #.# ##...# #.#
#.....# ###.####
.....?.######......#
........#.......##.#
.....wl@'.......##.#
......S.#.##....##.#
.......##.##....##.#
#.....# #.##..#.##.#
##...# #.##..#.##.#
##+# #..........#
####.####### #.# #.#


You could see a dart slug, a ball python and a frilled lizard.

Vanquished Creatures
  An endoplasm (D:1)
  A giant cockroach (D:1)
  A goblin (D:1)
  A bat (D:1)
  A rat (D:1)
5 creatures vanquished.

Notes
Turn   | Place    | Note
-------+----------+-------------------------------------------
     0 | D:1      | Ethylacetat the Octopode Gladiator began the quest for the
                  | Orb.
     0 | D:1      | Reached XP level 1. HP: 14/14 MP: 1/1
   540 | D:1      | Slain by a frilled lizard

Illustrated notes

Levels and vault maps discovered:
D:1:      minmay_arrival_nine_rooms, layout_loops_corners

Action                     || total
---------------------------++-------
  Melee: Unarmed           ||    13
         Constrict         ||     1
         Tentacles         ||     1
   Stab: Sleeping          ||     2
 Armour: Skin              ||     1
  Dodge: Dodged            ||    11

Table legend: (Time is in decaauts)
 A = Elapsed time spent in this place.
 B = Non-inter-level travel time spent in this place.
 C = Inter-level travel time spent in this place.
 D = Time resting spent in this place.
 E = Time spent auto-exploring this place.
 F = Levels seen in this place.
 G = Mean time per level.
                   A        B        C        D        E       F      G
               +--------+--------+--------+--------+--------+-----+--------+
         Total |    539 |    539 |      0 |      0 |    496 |   1 |  539.0 |
       Dungeon |    539 |    539 |      0 |      0 |    496 |   1 |  539.0 |
               +--------+--------+--------+--------+--------+-----+--------+

Top non-repeatable levels by time:
     D:1: 539 daAuts
